Map: Cerulean Fall LE

Players

Woogie

  • Race: Zerg Zerg
  • League: Diamond
  • Spawn Location: 1:00

CLaw - Winner!

  • Race: Terran Terran
  • League: Diamond
  • Spawn Location: 7:00

VOD

Have the link to the VOD?

Description

When I don't get good scouting (which I feel like in a lot of Terran matchups) I don't really have a plan developed.

Time

  • Played on: Sept. 19, 2018, 7:51 p.m.
  • Length: 10:51
Show
View Real Time Build Order
Export as new Build Order

Woogie Zerg 

Build Orders: Hatch First, Muta Ling Bane 

Get SALT Encoding   

  12  0:04  Drone  
  13  0:15  Overlord  
  13  0:20  Drone  
  14  0:33  Drone x2  
  16  0:37  Drone  
  17  0:55  Hatchery  
  16  0:57  Drone  
  17  1:12  Spawning Pool  
  17  1:14  Extractor  
  17  1:16  Drone  
  16  1:19  Drone  
  16  1:25  Drone  
  18  1:30  Drone  
  19  1:41  Overlord  
  19  2:00  Queen  
  21  2:02  Drone  
  21  2:08  Zergling x2  
  23  2:10  Queen, Drone  
  26  2:21  Drone x2  
  28  2:26  Metabolic Boost  
  28  2:30  Drone x2  
  30  2:40  Drone x2  
  30  2:43  Queen  
  34  2:54  Overlord  
  34  2:55  Overlord  
  34  2:59  Drone  
  35  3:10  Hatchery  
  35  3:12  Queen  
  36  3:13  Drone x2  
  36  3:18  Drone x2  
  39  3:33  Roach Warren  
  38  3:36  Evolution Chamber  
  38  3:40  Drone x3  
  40  3:49  Zergling x6  
  43  3:59  Overlord  
  43  4:15  Zerg Missile Weapons Level 1  
  43  4:23  Drone x3  
  43  4:24  Drone x3  
  49  4:25  Evolution Chamber  
  48  4:35  Extractor x2  
  46  4:42  Roach  
  46  4:43  Roach  
  50  4:50  Drone x3  
  50  4:51  Drone  
  56  4:53  Roach  
  56  5:02  Drone  
  56  5:14  Overlord x2  
  56  5:15  Drone x7  
  56  5:16  Drone x3  
  66  5:23  Lair  
  66  5:29  Spore Crawler  
  66  5:33  Spore Crawler x2  
  66  5:35  Spore Crawler  
  61  5:53  Roach x8  
  61  5:54  Roach x2  
  78  6:08  Spore Crawler  
  77  6:14  Drone  
  77  6:15  Drone x4  
  81  6:28  Drone  
  81  6:29  Overlord x2  
  81  6:30  Overlord x2  
  81  6:31  Zerg Missile Weapons Level 2  
  82  6:32  Zerg Ground Armor Level 1  
  79  6:50  Overseer  
  79  6:54  Drone x3  
  79  6:55  Drone x3  
  79  6:58  Spire  
  79  6:59  Drone  
  79  7:00  Drone x2, Extractor  
  86  7:02  Drone x3  
  89  7:17  Overlord  
  89  7:18  Zergling x2  
  89  7:19  Zergling x10  
  95  7:23  Baneling Nest  
  95  7:24  Glial Reconstitution  
  95  7:26  Queen x3  
  100  7:38  Drone  
  100  7:39  Drone x5  
  100  7:41  Extractor  
  100  7:42  Extractor  
  104  8:03  Overlord x4  
  104  8:27  Centrifical Hooks, Baneling x4  
  104  8:28  Baneling  
  104  8:30  Mutalisk  
  104  8:31  Mutalisk x5  
  116  8:40  Pneumatized Carapace  
  116  8:47  Zergling x12  
  122  9:27  Overlord x3  
  122  9:28  Overlord x2  
  122  9:34  Infestation Pit  
  117  9:56  Baneling  
  117  9:57  Baneling x7  
  117  9:58  Zergling x2  
  117  9:59  Zergling x24  
  124  10:16  Corruptor x7  
  124  10:19  Hatchery  
  124  10:20  Roach  
  139  10:22  Roach x3  
  145  10:28  Hydralisk Den  
Show
View Real Time Build Order
Export as new Build Order

CLaw Terran - Winner!

Build Orders: MMM Bio, Banshee Rush 

Get SALT Encoding   

  12  0:00  SCV  
  13  0:13  SCV  
  14  0:18  Supply Depot  
  14  0:25  SCV  
  15  0:28  Refinery  
  15  0:40  SCV  
  16  0:45  Barracks  
  16  0:52  SCV  
  17  1:04  SCV  
  18  1:16  SCV  
  19  1:32  Marine  
  19  1:33  Orbital Command  
  20  1:44  Command Center  
  20  1:58  Factory  
  20  2:02  SCV  
  20  2:06  Barracks Reactor  
  21  2:13  Supply Depot  
  21  2:14  SCV  
  22  2:25  Refinery  
  22  2:26  SCV  
  23  2:38  SCV  
  23  2:44  Starport  
  23  2:52  SCV  
  23  2:55  Hellion x2  
  28  3:00  Orbital Command  
  28  3:01  Barracks Tech Lab  
  28  3:12  SCV  
  29  3:21  Hellion x2  
  34  3:27  SCV  
  34  3:30  Banshee  
  37  3:36  Cloaking Field  
  37  3:38  SCV  
  37  3:39  Marine  
  39  3:48  SCV  
  40  3:54  Supply Depot, SCV  
  41  4:07  Command Center  
  41  4:08  SCV  
  40  4:13  SCV  
  40  4:14  Banshee  
  40  4:16  Barracks Reactor  
  44  4:23  Factory Reactor, SCV  
  45  4:27  Barracks, SCV  
  46  4:36  SCV  
  46  4:37  Supply Depot  
  47  4:39  SCV  
  48  4:48  SCV  
  48  4:51  Barracks, SCV  
  48  4:52  Barracks  
  50  5:00  Supply Depot, SCV  
  51  5:07  SCV  
  51  5:12  SCV  
  53  5:20  SCV  
  54  5:23  Orbital Command  
  54  5:25  Starport Reactor  
  54  5:30  Refinery, SCV  
  54  5:32  Refinery  
  54  5:33  Factory Tech Lab  
  55  5:36  SCV  
  55  5:38  Marine x2  
  58  5:43  SCV  
  58  5:48  SCV  
  54  5:50  Stimpack  
  54  5:52  Marine x5  
  54  5:55  SCV  
  54  5:56  Marine x2  
  62  6:05  Medivac, Siege Tank  
  62  6:06  Medivac  
  62  6:09  Marine  
  62  6:10  Marine, Engineering Bay x2  
  71  6:11  SCV x2  
  71  6:12  SCV  
  74  6:18  Marine  
  74  6:19  Marine x4  
  79  6:27  Marine, Orbital Command  
  79  6:29  Supply Depot x2  
  79  6:31  Marine  
  81  6:36  Marine x2  
  81  6:37  Marine  
  84  6:41  Marine  
  85  6:50  Medivac x2, Marine  
  85  6:51  Marine x2, Siege Tank  
  96  6:54  SCV x2  
  96  6:57  Terran Infantry Armor Level 1, Terran Infantry Weapons Level 1  
  97  7:06  SCV  
  98  7:11  Marine x2  
  98  7:12  Marine  
  101  7:19  Supply Depot  
  101  7:20  Supply Depot  
  101  7:29  Armory  
  101  7:38  Command Center  
  101  7:39  Factory  
  101  7:40  Marine x5, SCV x3  
  101  7:42  Marine  
  101  7:44  Supply Depot  
  110  7:45  Supply Depot  
  110  7:46  Marine  
  110  7:50  Combat Shields  
  111  7:52  SCV x3, Supply Depot, Siege Tank  
  117  8:02  Barracks x2  
  117  8:04  Barracks  
  117  8:05  Marine x5, SCV x3  
  125  8:06  Marine x2  
  127  8:17  SCV  
  127  8:18  SCV  
  129  8:22  Refinery  
  129  8:23  Marine x2, SCV  
  129  8:24  Marine, Refinery  
  129  8:25  Factory Tech Lab, Siege Tank  
  129  8:27  Medivac x2  
  138  8:29  SCV  
  141  8:50  Marine x6, SCV x3  
  141  8:55  Marine  
  154  9:08  Marine x2  
  156  9:26  Marine x6  
  156  9:28  Marine  
  154  9:37  Supply Depot  
  154  9:38  Supply Depot  
  154  9:39  Supply Depot x2  
  154  9:44  Marine  
  154  9:46  Marine x2  
  156  9:58  Marine x3  
  159  10:00  Thor x2  
  171  10:12  Marine x3  
  171  10:13  Marine  
  175  10:16  Marine x2  
Tags
 
Add a new tag
Caveats
  • Supply blocks, unpowered buildings, or Contaminate may cause inaccurate times.
  • Supply counts are checked every 10 seconds.